General information
- name: BNet
- type: Ladder team game (AT/RT)
- host: Battle.net
- saver: PabloHoney
map: FullScaleAssault
- players: 8
- length: 80:11
- speed: Fast
- version: 1.26 W3XP
- replay type: Public
» download(386 KB)
Players
team 1 (winner)
why- (
purple | 32 APM | 2511 actions | 77:59)
6 Far Seer
2 Feral Spirit
3 Chain Lighting
1 Earth Quake
7 Tauren Chieftain
3 War Stomp
3 Endurance Aura
1 Reincarnation
» actions
| Assign group hotkey | 17 | |
| Basic commands | 1 | |
| Build / train | 64 | |
| ESC pressed | 1 | |
| Enter build submenu | 20 | |
| Enter hero's abilities submenu | 13 | |
| Give item / drop item | 12 | |
| Remove unit from queue | 9 | |
| Right click | 1228 | |
| Select / deselect | 429 | |
| Select group hotkey | 551 | |
| Use ability | 163 | |
2511 total
» units
| Peon | 10 | |
| Wind Rider | 8 | |
| Shaman | 3 | |
| Blue Drake | 1 | |
22 total
» upgrades
| Armor | 2 | |
| Shaman Training | 2 | |
| Ranged Weapons | 3 | |
| Envenomed Spears | 1 | |
8 total
» buildings
| Altar of Storms | 1 | |
| Orc Burrow | 8 | |
| War Mill | 1 | |
| Voodoo Lounge | 1 | |
| Stronghold | 5 | |
| Beastiary | 3 | |
| Spirit Lodge | 1 | |
| Fortress | 2 | |
| Great Hall | 1 | |
| Watch Tower | 7 | |
30 total
» build order
00:20 Altar of Storms
00:33 Orc Burrow
00:42 War Mill
01:52 Voodoo Lounge
02:11 Stronghold
02:11 Stronghold
02:12 Stronghold
02:12 Stronghold
03:03 Orc Burrow
03:36 Orc Burrow
04:35 Beastiary
04:40 Beastiary
04:44 Spirit Lodge
04:48 Beastiary
05:41 Orc Burrow
06:16 Orc Burrow
08:40 Fortress
11:28 Orc Burrow
11:30 Orc Burrow
15:51 Great Hall
15:58 Watch Tower
15:58 Watch Tower
16:03 Watch Tower
16:04 Watch Tower
16:04 Watch Tower
16:47 Orc Burrow
17:22 Watch Tower
17:26 Watch Tower
» items
| Healing Salve | 1 | |
| Scroll of Protection | 2 | |
| Scroll of Healing | 3 | |
| Scroll of Town Portal | 2 | |
| Potion of Invisibility | 1 | |
9 total
Snumak. (
red | 39 APM | 3037 actions | 77:50)
5 Dark Ranger
2 Black Arrow
3 Life Drain
5 Death Knight
3 Death Coil
2 Unholy Aura
» actions
| Assign group hotkey | 50 | |
| Basic commands | 1 | |
| Build / train | 64 | |
| ESC pressed | 3 | |
| Enter build submenu | 27 | |
| Enter hero's abilities submenu | 9 | |
| Remove unit from queue | 5 | |
| Right click | 2100 | |
| Select / deselect | 436 | |
| Select group hotkey | 230 | |
| Use ability | 112 | |
3037 total
» units
| Acolyte | 9 | |
| Ghoul | 10 | |
| Crypt Fiend | 7 | |
| Frost Wyrm | 10 | |
| Gargoyle | 1 | |
37 total
» upgrades
| Freezing Breath | 1 | |
| Creature Attack | 1 | |
| Creature Carapace | 1 | |
| Web | 1 | |
4 total
» buildings
| Ziggurat | 12 | |
| Crypt | 2 | |
| Altar of Darkness | 1 | |
| Graveyard | 1 | |
| Halls of the Dead | 1 | |
| Black Citadel | 1 | |
| Sacrificial Pit | 1 | |
| Boneyard | 3 | |
| Tomb of Relics | 1 | |
| Nerubian Tower | 2 | |
| Necropolis | 1 | |
26 total
» build order
00:09 Ziggurat
00:20 Crypt
00:51 Altar of Darkness
01:10 Graveyard
01:22 Ziggurat
03:09 Halls of the Dead
03:40 Ziggurat
04:16 Ziggurat
05:38 Black Citadel
05:50 Sacrificial Pit
06:44 Ziggurat
08:47 Boneyard
08:50 Boneyard
10:18 Ziggurat
10:21 Ziggurat
10:22 Ziggurat
10:28 Ziggurat
10:40 Ziggurat
10:45 Boneyard
12:40 Tomb of Relics
18:19 Nerubian Tower
18:25 Nerubian Tower
24:28 Crypt
24:45 Necropolis
24:56 Ziggurat
24:58 Ziggurat
PabloHoney (
blue | 46 APM | 3667 actions | 80:11)
9 Archmage
3 Summon Water Elemental
3 Brilliance Aura
1 Mass Teleport
2 Blizzard
» actions
| Assign group hotkey | 48 | |
| Basic commands | 285 | |
| Build / train | 91 | |
| Enter build submenu | 61 | |
| Enter hero's abilities submenu | 9 | |
| Give item / drop item | 7 | |
| Remove unit from queue | 3 | |
| Right click | 1160 | |
| Select / deselect | 562 | |
| Select group hotkey | 1220 | |
| Use ability | 221 | |
3667 total
» units
| Peasant | 18 | |
| Footman | 6 | |
| Goblin Shredder | 2 | |
| Goblin Zeppelin | 4 | |
| Blue Dragon | 8 | |
| Dragonhawk Rider | 4 | |
42 total
» upgrades
| Masonry | 3 | |
| Swords | 3 | |
| Armor | 3 | |
| Animal War Training | 1 | |
| Storm Hammers | 1 | |
| Cloud | 1 | |
12 total
» buildings
| Altar of Kings | 1 | |
| Barracks | 1 | |
| Farm | 13 | |
| Keep | 1 | |
| Lumber Mill | 1 | |
| Town Hall | 6 | |
| Scout Tower | 60 | |
| Arcane Vault | 1 | |
| Castle | 1 | |
| Guard Tower | 15 | |
| Blacksmith | 2 | |
| Gryphon Aviary | 7 | |
109 total
» build order
00:36 Altar of Kings
00:38 Barracks
00:51 Farm
00:55 Farm
01:06 Farm
02:21 Farm
03:02 Keep
03:56 Lumber Mill
04:50 Town Hall
04:53 Scout Tower
04:54 Scout Tower
04:55 Scout Tower
06:14 Farm
06:17 Arcane Vault
06:20 Castle
06:30 Guard Tower
07:47 Town Hall
07:50 Scout Tower
07:51 Scout Tower
07:51 Scout Tower
07:52 Scout Tower
07:53 Scout Tower
07:54 Scout Tower
07:54 Scout Tower
07:54 Scout Tower
08:25 Guard Tower
09:21 Guard Tower
09:47 Guard Tower
09:52 Scout Tower
09:53 Scout Tower
09:53 Scout Tower
09:55 Scout Tower
09:56 Scout Tower
09:58 Scout Tower
09:59 Scout Tower
10:33 Guard Tower
10:47 Blacksmith
10:50 Blacksmith
11:28 Town Hall
11:30 Scout Tower
11:30 Scout Tower
11:31 Scout Tower
11:31 Scout Tower
11:31 Scout Tower
11:33 Scout Tower
11:34 Scout Tower
11:34 Scout Tower
11:36 Scout Tower
11:36 Scout Tower
11:36 Scout Tower
11:37 Scout Tower
11:40 Scout Tower
11:40 Scout Tower
11:41 Scout Tower
11:41 Scout Tower
11:43 Scout Tower
11:44 Scout Tower
11:46 Scout Tower
11:47 Scout Tower
12:03 Guard Tower
12:21 Guard Tower
12:41 Guard Tower
12:46 Scout Tower
12:48 Scout Tower
12:49 Scout Tower
12:50 Scout Tower
12:52 Scout Tower
12:53 Scout Tower
13:41 Gryphon Aviary
13:41 Gryphon Aviary
13:42 Gryphon Aviary
13:43 Gryphon Aviary
13:48 Gryphon Aviary
14:15 Guard Tower
15:33 Guard Tower
15:44 Scout Tower
15:45 Scout Tower
15:51 Scout Tower
15:52 Scout Tower
15:52 Scout Tower
15:54 Scout Tower
15:55 Scout Tower
15:56 Scout Tower
16:58 Guard Tower
17:17 Gryphon Aviary
17:20 Gryphon Aviary
17:50 Guard Tower
18:24 Farm
18:28 Farm
18:32 Farm
18:32 Farm
18:33 Farm
28:53 Town Hall
28:58 Scout Tower
28:58 Scout Tower
28:59 Scout Tower
28:59 Scout Tower
29:01 Scout Tower
29:01 Scout Tower
29:02 Scout Tower
29:03 Scout Tower
29:56 Guard Tower
30:01 Guard Tower
30:20 Farm
30:24 Farm
30:31 Farm
31:48 Guard Tower
48:38 Town Hall
52:02 Town Hall
» items
| Healing Salve | 1 | |
| Scroll of Regeneration | 2 | |
| Staff of Teleportation | 2 | |
| Periapt of Vitality | 1 | |
| Potion of Lesser Invulnerability | 1 | |
7 total
TimelsMoney (
green | 34 APM | 2749 actions | 79:46)
6 Blademaster
3 Wind Walk
2 Critical Strike
1 Bladestorm
» actions
| Assign group hotkey | 37 | |
| Basic commands | 2 | |
| Build / train | 60 | |
| ESC pressed | 1 | |
| Enter build submenu | 34 | |
| Enter hero's abilities submenu | 6 | |
| Give item / drop item | 5 | |
| Right click | 1659 | |
| Select / deselect | 466 | |
| Select group hotkey | 374 | |
| Use ability | 105 | |
2749 total
» units
| Peon | 14 | |
| Troll Batrider | 7 | |
| Goblin Shredder | 2 | |
| Goblin Zeppelin | 2 | |
| Kodo Beast | 2 | |
| Wind Rider | 1 | |
| Tauren | 2 | |
30 total
» upgrades
| Ranged Weapons | 3 | |
| Armor | 2 | |
| Liquid Fire | 1 | |
| Reinforced Defenses | 1 | |
| Spiked Barricades | 1 | |
| Pulverize | 1 | |
9 total
» buildings
| Altar of Storms | 2 | |
| Orc Burrow | 6 | |
| Voodoo Lounge | 1 | |
| War Mill | 1 | |
| Stronghold | 1 | |
| Fortress | 1 | |
| Beastiary | 3 | |
| Watch Tower | 12 | |
| Tauren Totem | 2 | |
| Great Hall | 2 | |
31 total
» build order
00:24 Altar of Storms
00:25 Orc Burrow
01:29 Voodoo Lounge
02:10 War Mill
02:37 Stronghold
05:37 Fortress
05:40 Orc Burrow
07:16 Beastiary
07:19 Beastiary
08:04 Beastiary
08:19 Orc Burrow
11:35 Orc Burrow
11:50 Orc Burrow
12:49 Watch Tower
13:42 Watch Tower
14:25 Watch Tower
15:39 Watch Tower
16:19 Watch Tower
19:55 Tauren Totem
20:14 Tauren Totem
20:20 Great Hall
31:08 Great Hall
31:11 Watch Tower
31:14 Watch Tower
31:16 Watch Tower
31:19 Watch Tower
32:21 Watch Tower
32:24 Watch Tower
32:27 Watch Tower
34:43 Altar of Storms
35:24 Orc Burrow
» items
| Healing Salve | 2 | |
| Lesser Clarity Potion | 5 | |
| Boots of Speed | 1 | |
| Staff of Teleportation | 1 | |
| Circlet of Nobility | 1 | |
| Orb of Lightning | 1 | |
| Scroll of Town Portal | 1 | |
12 total
team 2 (loser)
Donttalkwithme (
teal | 57 APM | 297 actions | 05:10)
2 Paladin
1 Holy Light
1 Devotion Aura
» actions
| Assign group hotkey | 5 | |
| Basic commands | 17 | |
| Build / train | 23 | |
| Enter build submenu | 9 | |
| Enter hero's abilities submenu | 2 | |
| Remove unit from queue | 1 | |
| Right click | 98 | |
| Select / deselect | 61 | |
| Select group hotkey | 64 | |
| Use ability | 17 | |
297 total
» units
» upgrades
» buildings
| Altar of Kings | 1 | |
| Farm | 4 | |
| Barracks | 1 | |
| Scout Tower | 1 | |
| Arcane Tower | 2 | |
| Lumber Mill | 1 | |
| Arcane Vault | 1 | |
11 total
» build order
00:10 Altar of Kings
00:14 Farm
00:34 Barracks
01:06 Farm
01:49 Scout Tower
02:23 Arcane Tower
02:44 Lumber Mill
02:59 Farm
03:27 Arcane Vault
03:36 Farm
Rhagfyr (
pink | 65 APM | 5220 actions | 80:10)
10 Archmage
3 Summon Water Elemental
3 Brilliance Aura
2 Blizzard
2 Mass Teleport
6 Mountain King
3 Storm Bolt
2 Bash
1 Avatar
» actions
| Assign group hotkey | 140 | |
| Basic commands | 223 | |
| Build / train | 372 | |
| ESC pressed | 30 | |
| Enter build submenu | 133 | |
| Enter hero's abilities submenu | 15 | |
| Give item / drop item | 13 | |
| Remove unit from queue | 1 | |
| Right click | 1822 | |
| Select / deselect | 917 | |
| Select group hotkey | 999 | |
| Use ability | 555 | |
5220 total
» units
| Peasant | 25 | |
| Footman | 7 | |
| Goblin Shredder | 4 | |
| Goblin Zeppelin | 5 | |
| Dragonhawk Rider | 7 | |
| Gryphon Rider | 1 | |
| Siege Engine | 6 | |
55 total
» upgrades
| Swords | 3 | |
| Masonry | 3 | |
| Armor | 3 | |
| Animal War Training | 1 | |
| Lumber Harvesting | 2 | |
| Storm Hammers | 1 | |
| Cloud | 1 | |
| Backpack | 1 | |
| Gunpowder | 3 | |
| Plating | 3 | |
| Barrage | 1 | |
| Defend | 1 | |
| Long Rifles | 1 | |
| Flak Cannons | 1 | |
| Flying Machine Bombs | 1 | |
| Fragmentation Shards | 1 | |
| Flare | 1 | |
| Magic Sentry | 1 | |
| Sorceress Training | 1 | |
| Priest Training | 1 | |
| Control Magic | 1 | |
32 total
» buildings
| Altar of Kings | 1 | |
| Barracks | 1 | |
| Farm | 12 | |
| Arcane Vault | 2 | |
| Blacksmith | 1 | |
| Keep | 3 | |
| Town Hall | 15 | |
| Scout Tower | 101 | |
| Arcane Tower | 15 | |
| Lumber Mill | 1 | |
| Guard Tower | 139 | |
| Castle | 5 | |
| Gryphon Aviary | 4 | |
| Workshop | 20 | |
| Arcane Sanctum | 1 | |
| Cannon Tower | 2 | |
323 total
» build order
01:10 Altar of Kings
01:12 Barracks
01:14 Farm
01:15 Farm
01:47 Farm
02:28 Farm
03:01 Arcane Vault
03:06 Blacksmith
03:09 Farm
04:24 Keep
04:24 Keep
04:59 Town Hall
05:02 Scout Tower
05:49 Scout Tower
06:13 Arcane Tower
06:13 Arcane Tower
06:13 Arcane Tower
06:22 Scout Tower
06:42 Scout Tower
06:58 Lumber Mill
07:24 Arcane Tower
08:13 Farm
08:27 Guard Tower
08:27 Guard Tower
08:40 Castle
08:41 Castle
08:41 Castle
10:08 Scout Tower
10:36 Guard Tower
10:36 Guard Tower
10:37 Guard Tower
10:45 Scout Tower
10:45 Scout Tower
10:45 Scout Tower
10:47 Scout Tower
10:48 Scout Tower
10:52 Scout Tower
11:15 Guard Tower
11:15 Guard Tower
11:15 Guard Tower
11:16 Guard Tower
11:16 Guard Tower
11:17 Guard Tower
11:17 Guard Tower
11:17 Guard Tower
11:17 Guard Tower
11:18 Guard Tower
12:08 Guard Tower
13:08 Gryphon Aviary
13:09 Gryphon Aviary
13:11 Gryphon Aviary
13:12 Gryphon Aviary
13:20 Scout Tower
13:21 Scout Tower
13:22 Scout Tower
13:23 Scout Tower
13:49 Scout Tower
13:50 Scout Tower
13:51 Scout Tower
13:52 Scout Tower
13:53 Scout Tower
13:57 Town Hall
14:00 Scout Tower
14:04 Scout Tower
14:06 Scout Tower
14:08 Scout Tower
14:09 Scout Tower
14:10 Scout Tower
14:11 Scout Tower
14:12 Guard Tower
14:13 Guard Tower
14:27 Guard Tower
14:27 Guard Tower
14:27 Guard Tower
14:31 Town Hall
15:29 Farm
15:31 Farm
16:16 Town Hall
16:21 Scout Tower
16:22 Scout Tower
16:24 Scout Tower
16:25 Scout Tower
16:28 Scout Tower
16:28 Scout Tower
16:29 Scout Tower
16:30 Scout Tower
16:31 Scout Tower
16:32 Scout Tower
16:33 Scout Tower
16:34 Scout Tower
16:35 Scout Tower
16:51 Guard Tower
16:51 Guard Tower
16:52 Guard Tower
16:52 Guard Tower
16:53 Guard Tower
16:53 Guard Tower
16:53 Guard Tower
17:17 Farm
17:18 Farm
17:20 Farm
17:21 Scout Tower
17:22 Scout Tower
17:24 Scout Tower
17:28 Guard Tower
17:29 Guard Tower
17:29 Guard Tower
21:12 Guard Tower
21:12 Guard Tower
23:32 Scout Tower
23:34 Scout Tower
23:35 Scout Tower
23:37 Scout Tower
23:38 Scout Tower
24:05 Guard Tower
24:05 Guard Tower
24:06 Guard Tower
24:10 Scout Tower
24:11 Scout Tower
24:20 Guard Tower
24:20 Guard Tower
24:20 Guard Tower
24:57 Guard Tower
24:57 Guard Tower
24:57 Guard Tower
24:57 Guard Tower
24:58 Guard Tower
25:02 Guard Tower
25:09 Scout Tower
25:10 Scout Tower
25:11 Scout Tower
25:12 Scout Tower
25:14 Scout Tower
25:15 Scout Tower
25:43 Scout Tower
25:43 Scout Tower
25:43 Scout Tower
25:45 Scout Tower
25:46 Scout Tower
25:50 Guard Tower
25:50 Guard Tower
25:51 Guard Tower
25:59 Scout Tower
26:00 Scout Tower
26:02 Scout Tower
26:03 Scout Tower
26:04 Scout Tower
26:05 Scout Tower
26:09 Scout Tower
26:11 Scout Tower
26:19 Guard Tower
27:32 Guard Tower
27:33 Guard Tower
29:47 Town Hall
29:49 Scout Tower
29:50 Scout Tower
29:52 Town Hall
29:54 Scout Tower
29:56 Scout Tower
29:57 Scout Tower
30:00 Town Hall
30:53 Guard Tower
30:53 Guard Tower
30:55 Scout Tower
30:55 Scout Tower
30:55 Scout Tower
30:56 Scout Tower
30:57 Guard Tower
31:32 Guard Tower
31:32 Guard Tower
31:32 Guard Tower
31:51 Scout Tower
31:52 Scout Tower
31:55 Scout Tower
31:56 Scout Tower
31:58 Scout Tower
32:16 Arcane Vault
32:34 Guard Tower
32:35 Guard Tower
32:35 Guard Tower
32:35 Guard Tower
32:49 Arcane Tower
32:49 Arcane Tower
32:50 Arcane Tower
34:22 Scout Tower
34:24 Scout Tower
34:24 Scout Tower
34:59 Guard Tower
35:00 Guard Tower
35:24 Town Hall
35:26 Scout Tower
35:27 Scout Tower
35:28 Scout Tower
35:29 Scout Tower
35:31 Scout Tower
35:32 Scout Tower
35:54 Guard Tower
35:54 Guard Tower
35:54 Guard Tower
35:56 Scout Tower
35:57 Scout Tower
35:58 Scout Tower
36:00 Guard Tower
36:48 Guard Tower
36:48 Guard Tower
37:02 Guard Tower
37:03 Guard Tower
37:03 Guard Tower
37:03 Guard Tower
37:56 Guard Tower
37:56 Guard Tower
37:56 Guard Tower
37:56 Guard Tower
38:05 Guard Tower
38:05 Guard Tower
38:05 Guard Tower
38:08 Scout Tower
39:34 Town Hall
39:50 Guard Tower
39:50 Guard Tower
39:50 Guard Tower
39:51 Guard Tower
39:51 Guard Tower
39:51 Guard Tower
39:51 Guard Tower
42:05 Arcane Tower
42:06 Arcane Tower
43:28 Workshop
43:29 Workshop
43:32 Workshop
43:33 Workshop
43:37 Workshop
44:12 Town Hall
45:19 Scout Tower
45:20 Scout Tower
45:21 Scout Tower
45:22 Scout Tower
45:52 Guard Tower
45:52 Guard Tower
45:52 Guard Tower
45:53 Guard Tower
45:53 Guard Tower
45:53 Guard Tower
46:06 Town Hall
50:32 Town Hall
50:36 Town Hall
58:39 Town Hall
58:45 Town Hall
67:02 Workshop
67:05 Workshop
67:07 Workshop
67:09 Workshop
67:12 Workshop
67:20 Workshop
67:21 Workshop
67:24 Workshop
67:25 Workshop
67:27 Workshop
67:29 Workshop
67:31 Workshop
67:33 Workshop
67:35 Workshop
67:37 Workshop
68:25 Farm
68:41 Arcane Sanctum
77:15 Scout Tower
78:14 Cannon Tower
78:15 Cannon Tower
» items
| Scroll of Regeneration | 5 | |
| Mechanical Critter | 2 | |
| Scroll of Healing | 1 | |
| Tome of Retraining | 2 | |
| Potion of Healing | 4 | |
| Scroll of Town Portal | 6 | |
| Ivory Tower | 6 | |
| Orb of Fire | 1 | |
| Boots of Speed | 1 | |
| Potion of Lesser Invulnerability | 2 | |
| Periapt of Vitality | 1 | |
| Staff of Sanctuary | 1 | |
32 total
WCREPLAYS.C0M (
yellow | 39 APM | 3126 actions | 80:10)
8 Archmage
3 Blizzard
3 Brilliance Aura
1 Mass Teleport
1 Summon Water Elemental
1 Naga Sea Witch
1 Frost Arrows
1 Pandaren Brewmaster
1 Breath of Fire
» actions
| Assign group hotkey | 103 | |
| Basic commands | 9 | |
| Build / train | 116 | |
| Enter build submenu | 30 | |
| Enter hero's abilities submenu | 9 | |
| Give item / drop item | 7 | |
| Remove unit from queue | 1 | |
| Right click | 1275 | |
| Select / deselect | 397 | |
| Select group hotkey | 970 | |
| Use ability | 209 | |
3126 total
» units
| Peasant | 13 | |
| Dragonhawk Rider | 27 | |
| Goblin Zeppelin | 3 | |
| Goblin Shredder | 1 | |
| Priest | 2 | |
| Mortar Team | 2 | |
48 total
» upgrades
| Masonry | 4 | |
| Lumber Harvesting | 3 | |
| Cloud | 1 | |
| Gunpowder | 2 | |
| Priest Training | 2 | |
12 total
» buildings
| Altar of Kings | 1 | |
| Farm | 25 | |
| Scout Tower | 25 | |
| Arcane Tower | 1 | |
| Lumber Mill | 1 | |
| Guard Tower | 15 | |
| Keep | 2 | |
| Arcane Vault | 1 | |
| Castle | 2 | |
| Gryphon Aviary | 5 | |
| Town Hall | 5 | |
| Arcane Sanctum | 1 | |
| Blacksmith | 1 | |
| Workshop | 3 | |
88 total
» build order
00:15 Altar of Kings
00:21 Farm
01:02 Scout Tower
01:22 Farm
01:30 Arcane Tower
01:59 Scout Tower
02:06 Scout Tower
02:10 Lumber Mill
02:43 Farm
03:17 Guard Tower
03:20 Keep
04:11 Scout Tower
04:12 Scout Tower
04:12 Scout Tower
04:14 Scout Tower
04:14 Scout Tower
04:15 Scout Tower
04:55 Guard Tower
05:01 Arcane Vault
05:16 Guard Tower
05:30 Scout Tower
05:30 Scout Tower
05:30 Scout Tower
05:31 Scout Tower
05:32 Scout Tower
05:32 Scout Tower
05:59 Keep
06:06 Guard Tower
06:28 Guard Tower
06:43 Guard Tower
06:46 Guard Tower
07:01 Guard Tower
07:23 Guard Tower
07:37 Guard Tower
08:01 Guard Tower
08:03 Castle
08:08 Scout Tower
08:08 Scout Tower
08:09 Scout Tower
08:10 Scout Tower
08:10 Scout Tower
08:11 Scout Tower
08:12 Scout Tower
08:13 Scout Tower
08:14 Scout Tower
08:14 Scout Tower
09:15 Guard Tower
09:54 Guard Tower
09:57 Gryphon Aviary
09:59 Gryphon Aviary
10:02 Farm
10:03 Farm
10:04 Farm
10:05 Farm
10:05 Farm
10:48 Guard Tower
11:09 Castle
11:22 Farm
11:23 Farm
11:24 Farm
11:24 Farm
11:25 Farm
11:49 Gryphon Aviary
11:51 Gryphon Aviary
11:53 Gryphon Aviary
14:13 Farm
14:13 Farm
14:14 Farm
14:14 Farm
16:46 Farm
16:46 Farm
16:47 Farm
16:47 Farm
18:06 Town Hall
18:10 Town Hall
32:58 Town Hall
33:05 Town Hall
38:28 Arcane Sanctum
42:05 Blacksmith
44:10 Workshop
44:10 Workshop
44:11 Workshop
48:45 Farm
54:09 Town Hall
» items
| Ivory Tower | 4 | |
| Staff of Teleportation | 2 | |
| Potion of Invisibility | 5 | |
| Boots of Speed | 1 | |
| Potion of Healing | 1 | |
| Scroll of Town Portal | 2 | |
| Potion of Lesser Invulnerability | 1 | |
| Tome of Retraining | 1 | |
17 total

»
Champion_god (
orange | 36 APM | 897 actions | 24:43)
6 Paladin
2 Holy Light
3 Divine Shield
1 Resurrection
» actions
| Basic commands | 38 | |
| Build / train | 57 | |
| Enter build submenu | 23 | |
| Enter hero's abilities submenu | 7 | |
| Remove unit from queue | 1 | |
| Right click | 341 | |
| Select / deselect | 386 | |
| Use ability | 44 | |
897 total
» units
| Peasant | 9 | |
| Rifleman | 5 | |
| Mortar Team | 8 | |
| Siege Engine | 5 | |
27 total
» upgrades
| Gunpowder | 3 | |
| Masonry | 3 | |
| Armor | 3 | |
| Long Rifles | 1 | |
| Lumber Harvesting | 1 | |
| Flare | 1 | |
| Fragmentation Shards | 1 | |
| Barrage | 1 | |
| Plating | 3 | |
17 total
» buildings
| Altar of Kings | 1 | |
| Farm | 15 | |
| Blacksmith | 1 | |
| Barracks | 1 | |
| Lumber Mill | 1 | |
| Keep | 1 | |
| Workshop | 3 | |
| Castle | 1 | |
| Arcane Vault | 1 | |
25 total
» build order
00:23 Altar of Kings
00:42 Farm
01:08 Blacksmith
01:19 Farm
01:55 Barracks
02:26 Lumber Mill
03:01 Keep
03:09 Farm
03:49 Farm
04:30 Farm
05:10 Farm
06:03 Workshop
06:06 Workshop
06:09 Farm
06:29 Workshop
06:41 Castle
06:50 Farm
07:48 Farm
08:36 Farm
09:32 Farm
10:24 Farm
11:07 Arcane Vault
12:23 Farm
13:08 Farm
14:04 Farm
» items
| Scroll of Town Portal | 1 | |
| Scroll of Regeneration | 1 | |
2 total
Chat log
(00:09 / All) WCREPLAYS.C0M: this is a human world, orc
(00:16 / Allies) PabloHoney: Get to work slave, time is money
(00:56 / All) why-: lol i bet you get all the girls
(01:12 / All) WCREPLAYS.C0M: im gay so i get men
(01:16 / All) why-: no doubt
(01:25 / All) PabloHoney: Disregard females, acquire anime dvds and manga novels
(01:26 / All) WCREPLAYS.C0M: they violate me
(01:33 / All) WCREPLAYS.C0M: lol
(01:36 / All) WCREPLAYS.C0M: bulma nakid
(01:38 / Allies) why-: i got shamans wyverns
(01:39 / All) WCREPLAYS.C0M: good enough for me
(01:39 / All) Rhagfyr: 2D is all he needs
(01:41 / All) WCREPLAYS.C0M: and videl
(01:56 / All) TimelsMoney: wcreplays.com u in clan?
(02:05 / All) TimelsMoney: wcr
(02:09 / All) PabloHoney: Wu-Tang Clan
(02:16 / All) PabloHoney: Tiger style
(02:26 / All) Rhagfyr: What music do all of you like?
(02:32 / All) WCREPLAYS.C0M: CASCADA
(02:33 / All) Rhagfyr: ASL everyone?
(02:36 / All) Rhagfyr: What is everyone wearing?
(02:39 / All) Rhagfyr: Tell me about yourselves
(02:42 / All) PabloHoney: I like the theme song to the golden girls and cheers
(02:46 / All) PabloHoney: it's all I listen to
(02:53 / All) Rhagfyr: I personally like the sound of my enemies beneath my boots
(03:01 / All) WCREPLAYS.C0M: I LIKE THE SOUNDTRACK TO FINAL FANTASY TEN
(03:09 / All) TimelsMoney: chrono trigger ftw
(03:30 / All) WCREPLAYS.C0M: chrono trigger is too old to be considered an rpg
(03:46 / All) TimelsMoney: to old as u play wc3
(03:52 / All) WCREPLAYS.C0M: someone got disc hac or something its a laggin
(05:11 / All) WCREPLAYS.C0M: green got dat mh
(05:20 / All) Rhagfyr: why did he leave wtf
(05:34 / All) PabloHoney: oh I didn't have barracks rally to me
(05:37 / All) PabloHoney: NO WONDER LOL
(06:23 / All) PabloHoney: one thousand zzzs
(06:27 / All) TimelsMoney: wow nicce
(06:37 / All) Snumak.: it is Brazil
(06:52 / All) WCREPLAYS.C0M: please leave
(06:55 / All) WCREPLAYS.C0M: u make us lag
(07:01 / All) Snumak.: fuck u
(07:16 / All) why-: bam right in the angry feelings
(08:16 / Allies) Snumak.: hey
(08:19 / Allies) Snumak.: my iten
(08:20 / Allies) Snumak.: plz
(08:37 / Allies) Snumak.: purple
(08:53 / All) PabloHoney: who is it lol
(09:08 / All) PabloHoney: you bought the invis lawl
(09:15 / All) PabloHoney: I was going to pretend like I left
(09:23 / All) PabloHoney: and bring back footies
(09:31 / All) WCREPLAYS.C0M: ur a cunning one
(09:40 / Allies) TimelsMoney: i need wood
(11:37 / Allies) TimelsMoney: wood me
(11:39 / Allies) TimelsMoney: shredder guy
(12:19 / Allies) Snumak.: mass tanks
(13:11 / All) WCREPLAYS.C0M: braz il sux
(13:37 / All) Snumak.: and???
(13:38 / All) Rhagfyr: I'm playing slow as hell this game kind of laggy for me too
(13:56 / All) Snumak.: =(
(13:58 / All) WCREPLAYS.C0M: ITS THE server or some is disc hacking
(16:21 / All) WCREPLAYS.C0M: nice 90 food of worms lol
(16:22 / Allies) why-: gold pls blue?
(16:38 / Allies) why-: blue can u spare some gold man
(16:53 / Allies) PabloHoney: I'm saving it
(17:09 / Allies) why-: really? 7k gold?
(17:23 / Allies) Snumak.: blue gold?
(17:35 / Allies) PabloHoney: Dragons aren't cheap
(18:01 / Allies) why-: inc my base
(18:38 / All) PabloHoney: DADDY DON'T PREACH
(18:38 / All) PabloHoney: I
(18:40 / All) PabloHoney: I
(18:41 / All) PabloHoney: DADDY DON'T PREACH
(18:43 / All) Champion_god: lol
(18:44 / All) PabloHoney: I'M IN TROUBLE DEEP
(18:52 / All) Rhagfyr: hard to shackle with fucking lag
(18:59 / All) Rhagfyr: that's bs
(19:10 / All) PabloHoney: mother of god
(19:13 / All) Rhagfyr: I shouldn't have lost 1 hawk
(20:41 / Allies) PabloHoney: tp when they hit green
(20:46 / All) Rhagfyr: This match is retarded I lost every one of my first dhawks to lag, it's unplayable
(21:00 / Allies) PabloHoney: tp at green
(21:03 / Allies) TimelsMoney: claws plz
(21:35 / Allies) why-: i needa buy tp
(21:38 / Allies) PabloHoney: tp
(21:46 / Allies) why-: repair it
(22:43 / Allies) TimelsMoney: go to fountain
(22:44 / All) Rhagfyr: this match looks like it's over already anyway
(22:44 / Allies) TimelsMoney: with wyverns
(23:37 / All) TimelsMoney: maphack
(23:48 / All) Rhagfyr: I'm killing orange I don't like him
(24:29 / All) TimelsMoney: gay
(24:50 / All) Rhagfyr: That was easy
(25:07 / All) Rhagfyr: Red needs to get the loss
(25:20 / All) WCREPLAYS.C0M: he already is losing; he lives in brazil
(25:26 / All) Rhagfyr: lol
(26:01 / All) PabloHoney: DADDY DON'T PREACH I'M IN TROUBLE DEEP
(26:06 / Allies) why-: gold to buy tp please?
(26:25 / Allies) PabloHoney: I wouldn't piss on you if you were on fire
(26:30 / Allies) PabloHoney: You won't get a red cent from me, pal
(26:32 / Allies) PabloHoney: Go fuck yourself
(27:07 / All) Rhagfyr: HOLY SHIT
(27:46 / Allies) why-: please golf for tp
(27:48 / Allies) why-: so i can quake
(27:48 / All) Rhagfyr: GET THE FUCK OUT
(27:53 / Allies) PabloHoney: I ain't got a dime to spare
(28:06 / All) Rhagfyr: OMFG
(30:10 / Allies) Snumak.: blue
(30:14 / Allies) Snumak.: we need atack now
(30:19 / Allies) Snumak.: or we ll lose
(30:41 / Allies) why-: wow
(30:42 / Allies) why-: lol
(30:43 / Allies) why-: tp
(30:45 / Allies) why-: took me there
(31:15 / All) why-: nice mh
(31:20 / All) Rhagfyr: Thanks
(31:31 / All) why-: you are a cheating Bitch
(31:49 / All) Rhagfyr: yeah and I've been doing nothing all game since your team has a lagging bitch
(32:17 / All) why-: no my fault reds a 3rd world country living motherfucker. But you using MH is just as gay
(32:26 / All) WCREPLAYS.C0M: quit ur whining faggot
(32:32 / All) Rhagfyr: I'd rather play against a mher than a lagging faggot
(32:34 / All) WCREPLAYS.C0M: u are OBLIGATED TO TKING RED
(32:36 / All) WCREPLAYS.C0M: cuz of shit
(32:37 / All) why-: lol stfu 2 dads faggot
(32:38 / All) WCREPLAYS.C0M: net
(33:24 / Allies) Snumak.: gold plz?
(33:45 / Allies) Snumak.: is to buy a item
(33:47 / Allies) Snumak.: blue?
(34:14 / All) Rhagfyr: nice whirlwind dumbass
(34:27 / All) why-: nice maphack you virgin
(34:34 / All) WCREPLAYS.C0M: once again faggot
(34:38 / All) why-: sh cunt
(34:43 / All) why-: you run a wc site kill yourself
(34:48 / All) Rhagfyr: LOL
(34:50 / All) why-: that is all
(34:56 / All) Rhagfyr: Flamechamp runs WCR
(35:00 / All) PabloHoney: Warcraft 3 is the finest RTS ever created
(35:03 / All) WCREPLAYS.C0M: h
(35:14 / All) PabloHoney: What's wrong with having a fansite of such a beautiful specimen in the RTS genre?
(35:20 / Allies) Snumak.: blue
(35:24 / Allies) Snumak.: gold plz
(35:29 / Allies) Snumak.: 500
(35:32 / Allies) PabloHoney: I don't have much to spare
(35:39 / Allies) Snumak.: -.-"
(35:40 / Allies) PabloHoney: I could give you 2 or 3 coins
(36:19 / Allies) TimelsMoney: help plz
(36:26 / All) Rhagfyr: yeah keep pinging you piece of shit
(36:30 / Allies) why-: ibv he isnt gonna
(36:35 / Allies) PabloHoney: Spend them wisely, if you rub them together maybe you'll breed more of them
(37:07 / Allies) PabloHoney: and remember it's your poor spending habits and lack of iniative that got you into this situation
(37:23 / Allies) why-: pablo
(37:26 / Allies) why-: how old are you?
(37:32 / Allies) PabloHoney: I'm 25-years-old
(37:52 / All) WCREPLAYS.C0M: and the only reason ur bm did anything this game was cuz i didnt try to focus it
(38:02 / All) Rhagfyr: he lost it in a bladestorm lol
(38:12 / All) TimelsMoney: bro
(38:21 / All) TimelsMoney: eat a dick havent played in months
(38:23 / All) Rhagfyr: I bet you thought that was clever and would kill my expo too
(38:26 / All) TimelsMoney: you guys feed on this shit
(38:46 / All) Rhagfyr: To be fair I lost a bunch of dhawks to wyverns basically for free and that was pretty bad
(39:26 / Allies) PabloHoney: Thank you I was desperate for my coin, the mines are really running thin
(39:35 / Allies) PabloHoney: Nary a vein of gold left I'm afraid
(39:43 / Allies) why-: is free
(40:15 / All) TimelsMoney: wcreplays
(40:20 / All) WCREPLAYS.C0M: wat
(40:27 / All) TimelsMoney: are u the guy i did 2s with and u got early mercenaries
(40:56 / All) WCREPLAYS.C0M: yes
(41:19 / All) TimelsMoney: use peons to lead creeps away from shop
(41:30 / All) TimelsMoney: bought the net murlocks and spear guys
(42:22 / All) WCREPLAYS.C0M: that asshole brazilian gave me a headache lol
(42:27 / All) WCREPLAYS.C0M: jesus christ play on europe
(42:32 / All) Rhagfyr: yeah
(42:34 / All) Rhagfyr: That was painful
(42:53 / Allies) TimelsMoney: pablo
(42:53 / All) Rhagfyr: Still feels kind of laggy
(42:57 / Allies) TimelsMoney: give me some gold back please
(42:59 / Allies) TimelsMoney: so i can make my bm
(43:11 / Allies) PabloHoney: I don't agree with Indian giving
(43:14 / Allies) TimelsMoney: i gave u wood and gold
(43:25 / Allies) TimelsMoney: i gave u 1100 and all wood
(43:32 / Allies) PabloHoney: Yeah you can't have it back, that's indian giving
(43:47 / Allies) TimelsMoney: come on bro
(43:55 / Allies) why-: lol green
(44:28 / Allies) why-: the cunts 25. He's probably autistic and gets cared for at home from is old ass parents. He wont give you gold.
(44:38 / All) WCREPLAYS.C0M: that is quite an army
(44:41 / Allies) why-: playing this old game
(44:56 / All) Rhagfyr: How would you even counter that? 100 food of gyros?
(45:05 / All) TimelsMoney: thats gg is what that is
(45:05 / Allies) PabloHoney: Warcraft 3 is a masterpiece, I won't stand for you insulting this great game
(45:06 / All) WCREPLAYS.C0M: seriously red ur lag gave me such a bad headache
(45:14 / All) WCREPLAYS.C0M: blue sux we'll rape him
(46:32 / All) WCREPLAYS.C0M: hacker blue how u know we were there
(46:35 / 7) Rhagfyr: lawl he saw my tanks and suicided
(46:37 / All) PabloHoney: charge gentlemen!
(47:34 / Allies) TimelsMoney: gold back plz bro
(47:47 / Allies) TimelsMoney: u have 20k please lemme get bm out
(48:05 / Allies) why-: tp on him
(48:05 / Allies) PabloHoney: You gave it to me, it's mine now. You can't have it back, that's indian giving.
(48:23 / Allies) why-: go blue
(48:26 / Allies) why-: kill them
(48:32 / All) WCREPLAYS.C0M: oww
(49:50 / All) Rhagfyr: Taking my creeps
(49:50 / Allies) Snumak.: _-.-
(49:52 / All) Rhagfyr: Creepjacking scum
(49:54 / Allies) why-: lol
(49:55 / All) WCREPLAYS.C0M: brazil sux
(50:31 / All) PabloHoney: Do you guys agree that indian giving is irreputable?
(51:15 / All) Rhagfyr: The top island isn't mining red
(51:18 / All) PabloHoney: There's nothing I despise more than an indian giver
(51:36 / Allies) Snumak.: dragon on
(51:59 / Allies) Snumak.: blue dragon on
(53:51 / All) Rhagfyr: He knows those are there buddy boy red
(57:49 / Allies) TimelsMoney: archmage in mid
(57:54 / All) WCREPLAYS.C0M: trying to kill the blue dragon roost
(58:00 / Allies) why-: u have mh also green
(58:01 / Allies) why-: ?
(58:07 / Allies) TimelsMoney: no
(58:10 / Allies) TimelsMoney: someone used
(58:11 / Allies) TimelsMoney: reveal
(58:12 / Allies) PabloHoney: take care of that nuisance
(58:19 / Allies) why-: ya ghoing
(58:24 / All) WCREPLAYS.C0M: how much gold i got green
(58:28 / Allies) TimelsMoney: give me some gold
(58:31 / Allies) TimelsMoney: so i can make my bm
(58:34 / Allies) PabloHoney: who
(58:38 / Allies) TimelsMoney: you plz
(58:42 / Allies) PabloHoney: No, that's indian giving
(58:48 / Allies) TimelsMoney: lol
(58:49 / Allies) PabloHoney: You don't even have peons, I killed them
(58:54 / Allies) TimelsMoney: okay well this game im a cherokee
(59:04 / Allies) TimelsMoney: oh damn
(59:05 / Allies) why-: u have no peons green
(59:06 / Allies) TimelsMoney: u sure didd
(59:11 / Allies) why-: he arrowed those bad bous
(59:15 / Allies) TimelsMoney: hrm id probably be a dick if i was that good too
(59:26 / Allies) TimelsMoney: just prolonging this gameee
(61:08 / All) WCREPLAYS.C0M: lets have an archmage battle pink?
(61:26 / 6) PabloHoney: I'll ambush him
(61:33 / 6) PabloHoney: where's the battle taking place
(62:01 / All) Rhagfyr: I don't have elementals
(62:07 / All) WCREPLAYS.C0M: DORIL VS PERIL
(62:07 / All) Rhagfyr: It's rigged
(62:21 / 6) PabloHoney: delay the battle
(62:22 / 7) Rhagfyr: Help me kill his AM in it, will be funny
(62:25 / All) Rhagfyr: Wait
(62:32 / All) Rhagfyr: I want to get a tome of retraining
(62:35 / 6) PabloHoney: say you want to get retrain yes
(62:35 / All) Rhagfyr: so we can both get eles, will be better
(63:18 / 7) Rhagfyr: He is at health fountain careful
(63:29 / 6) PabloHoney: fight the battle there
(63:46 / All) Rhagfyr: Alright
(63:47 / 6) PabloHoney: let me know when you start
(63:49 / All) Rhagfyr: I got elementals
(63:52 / 7) Rhagfyr: we did
(63:53 / 7) Rhagfyr: gogogogo
(64:26 / All) WCREPLAYS.C0M: fuck
(64:29 / 6) PabloHoney: tp staff on him lawl
(64:30 / All) Rhagfyr: Trapped
(64:31 / All) Rhagfyr: LOL
(64:41 / All) WCREPLAYS.C0M: DOWN GOES DORIL
(64:43 / All) WCREPLAYS.C0M: MAGEFONT
(64:57 / 7) Rhagfyr: he got stuck between my towers
(65:05 / 6) PabloHoney: I killed him when he revived lol
(65:06 / All) WCREPLAYS.C0M: DOWN GOES DORIL MAGEFONT
(65:30 / All) PabloHoney: You should know our MO by now
(66:24 / Allies) why-: lol
(66:43 / All) Rhagfyr: 4 PEASANT HIT SQUAD WATCH OUT THAT AVIARY IS GOING TOWN
(66:47 / Allies) why-: ah pablo
(66:53 / Allies) why-: poor autistic guy
(67:11 / Allies) TimelsMoney: cant hate man
(67:13 / Allies) PabloHoney: There's only room for one chief in this town
(67:14 / Allies) TimelsMoney: this fool is good
(69:09 / All) Rhagfyr: Mass tping a building slows down an upgrade slightly didn't know that
(70:23 / All) Rhagfyr: I wonder if that one expo peasant killed all of yours
(70:29 / All) Rhagfyr: at the bottom left outside expo
(70:36 / All) PabloHoney: I only had the one
(70:40 / All) Rhagfyr: Ah
(71:31 / Allies) why-: blue you should play solo
(71:37 / Allies) PabloHoney: why's that
(71:57 / Allies) why-: probably similar old people who cling to this game there for you to dicsuss your warcraft life with
(72:04 / Allies) why-: be good for you
(72:12 / Allies) why-: therapeutic
(72:16 / Allies) PabloHoney: I don't have a life, warcraft or otherwise
(72:22 / Allies) why-: i see this
(72:31 / All) Rhagfyr: I have 15 workshops it's ridiculous
(72:34 / All) Rhagfyr: and 49,000 gold
(72:36 / Allies) PabloHoney: I tried giving arts and crafts a whirl but I kept eating the glue
(72:36 / All) Snumak.: blue lost the game
(72:37 / All) Rhagfyr: I have infinite tanks
(72:42 / Allies) PabloHoney: my mom took my supplies away from me
(72:48 / Allies) why-: what was it like being molested by your father?
(73:21 / Allies) why-: rough i assume from the lack of response
(73:23 / Allies) PabloHoney: never experienced it so I couldn't tell you
(73:28 / Allies) why-: haha
(73:33 / Allies) why-: your silence gave it away
(73:34 / Allies) why-: poor guy
(73:39 / Allies) why-: no wonder you're a failure
(73:41 / Allies) PabloHoney: I was typing
(73:46 / All) Rhagfyr: When the time is right then shall these humble workers demolish the town hall in a glorious revolution against their oppressing
(73:47 / Allies) why-: lies
(73:48 / All) Rhagfyr: masters
(73:51 / Allies) PabloHoney: I still chicken peck
(74:03 / Allies) PabloHoney: I like to play on the NES and SNES and GENESIS and NEOGEO
(74:06 / Allies) PabloHoney: more than PC
(74:11 / Allies) why-: got a job?
(74:20 / Allies) PabloHoney: I'm a people greeter at WalMArt
(74:26 / Allies) why-: rofl
(74:28 / Allies) PabloHoney: I'm proud of my position because I get a lot of respect
(74:29 / Allies) why-: i have no doubt
(74:30 / Allies) why-: well
(74:32 / Allies) PabloHoney: more than the cart pushers
(74:37 / Allies) why-: congrats on your pathetic existance
(74:45 / Allies) PabloHoney: It's not pathetic
(74:46 / Allies) why-: suck a dick and die ? awesome
(74:50 / Allies) why-: haha
(74:52 / Allies) why-: k
(74:58 / All) Rhagfyr: The anticipation is almost too much to bear
(75:00 / Allies) PabloHoney: I'm the former #1 on ladder
(75:08 / Allies) PabloHoney: on solo ffa and also Diablo 2
(75:12 / Allies) why-: i bet your parents are proud
(75:14 / Allies) TimelsMoney: nah
(75:17 / Allies) TimelsMoney: d2 hcl?
(75:20 / Allies) PabloHoney: they are my mom printed out the ladders page
(75:26 / Allies) PabloHoney: and put it on the fridge
(75:36 / Allies) why-: next to your online friends list
(75:36 / Allies) PabloHoney: she had tears in her eyes when I told her I was #1 on diablo 2 ladder
(75:41 / Allies) PabloHoney: it was the first time I won something
(75:53 / Allies) PabloHoney: I don't have any online friends but I do have one online buddy
(75:55 / Allies) why-: nesides your dads unconditional love amirite
(75:56 / Allies) TimelsMoney: softcore
(75:57 / Allies) PabloHoney: *real life
(76:05 / Allies) why-: besides*
(76:07 / Allies) PabloHoney: His name is Bob he's the janitor for WalMart
(76:09 / Allies) TimelsMoney: hammerpaladin
(76:15 / Allies) PabloHoney: he was the people greeter before I got there
(76:26 / Allies) why-: how old when he first touched your ding dong
(76:30 / Allies) PabloHoney: he fought in WWII, well he was a potato peeler in WWII but he saw the front lines
(76:32 / Allies) why-: or did u touch his first
(76:45 / Allies) PabloHoney: He wouldn't ever do that, he has honor and integrity
(76:46 / Allies) Snumak.: u lost
(76:47 / Allies) TimelsMoney: yea
(76:48 / Allies) PabloHoney: He's not a fruit
(76:51 / All) Rhagfyr: You can see where people's vision is with maphack it's sweet for hiding things
(77:09 / Allies) why-: you're dad is a fucking bush-pig. Like your ugly parasite mother
(77:10 / Allies) PabloHoney: Bob used to tell this one great story about his time on the Western front
(77:22 / Allies) Snumak.: pablo
(77:26 / Allies) PabloHoney: He used to be in the same regiment as the Duke of Swing
(77:30 / Allies) Snumak.: where u from?
(77:32 / Allies) why-: friend of the sultan of swing
(77:32 / Allies) PabloHoney: USA
(77:47 / Allies) PabloHoney: He beat Rommel in a dance off
(78:02 / Allies) PabloHoney: Almost ended the war because Rommel killed himself from disgrace
(78:10 / All) Rhagfyr: welp, only green left
(78:12 / All) Rhagfyr: Should I end it?
(78:22 / Allies) PabloHoney: Why'd they leave us Green?|
(78:28 / All) Rhagfyr: Tell me when and I'll tp with way too many tanks to kill the 73 HP town hall
(78:52 / Allies) PabloHoney: You ready to blow this popsicle stand, green?
(79:43 / All) TimelsMoney: gay
(79:46 / All) TimelsMoney: bye
(79:53 / All) PabloHoney: my team to lose
(79:57 / All) Rhagfyr: wait
(80:02 / All) Rhagfyr: Let me end it, instead of leaving
(80:05 / All) PabloHoney: k